[Event "Titled Tuesday Blitz July 6 2021"]
[White "Riazantsev, Alexander"]
[Black "Saravana, Krishnan P."]
[WhiteFideId "4125029"]
[BlackFideId "5018382"]
[WhiteElo "2497"]
[BlackElo "2245"]
[Result "1-0"]
[Round "03"]
[TimeControl "180+1"]
[Date "2021.07.06"]
[WhiteClock "0:00:24"]
[BlackClock "0:00:13"]

1. d4 Nf6 2. c4 g6 3. Nc3 Bg7 4. e4 d6 5. Be2 O-O 6. Be3 Na6 7. Nf3 e5 8. d5 Ng4 9. Bg5 f6 10. Bh4 h5 11. Nd2 Nh6 12. f3 Nc5 13. b4 Nd7 14. Nb3 Rf7 15. Qd2 Nf8 16. c5 g5 17. Bf2 Ng6 18. Be3 Nf4 19. Bc4 Kh8 20. h4 f5 21. g3 Ng6 22. hxg5 f4 23. gxh6 Bxh6 24. Rxh5 Rh7 25. Bg1 Qf8 26. g4 a5 27. bxa5 Bd7 28. O-O-O b6 29. cxb6 cxb6 30. Bxb6 Rc8 31. Qd3 Bxg4 32. fxg4 f3+ 33. Kb2 Nf4 34. Qf1 Nxh5 35. gxh5 Rg7 36. Ka3 Rg2 37. Kb4 Rb8 38. Rd3 f2 39. Nb5 Rxb6 40. axb6 Rg1 41. Rc3 Rxf1 42. Bxf1 Qb8 43. Ka5 Kg7 44. Ka6 Kf6 45. b7 Be3 46. Rc8 1-0


[Site "https://www.chess.com"]

[Event "Titled Tuesday Blitz July 6 2021"]
[White "Rodrigues, Bruno Morado"]
[Black "Matinian, Nikita"]
[WhiteFideId "2115654"]
[BlackFideId "24129100"]
[WhiteElo "2040"]
[BlackElo "2410"]
[Result "0-1"]
[Round "03"]
[TimeControl "180+1"]
[Date "2021.07.06"]
[WhiteClock "0:00:25"]
[BlackClock "0:01:18"]

1. d4 f5 2. e4 fxe4 3. Nc3 d5 4. Qh5+ g6 5. Qxd5 Nd7 6. Nxe4 c6 7. Qg5 Ngf6 8. Bd3 Nxe4 9. Bxe4 Nf6 10. Bd3 Qxd4 11. Nf3 Qd5 12. O-O Bf5 13. Bxf5 gxf5 14. Bf4 Rg8 15. Rad1 Qe4 16. Rfe1 Rxg5 17. Rxe4 Rxg2+ 18. Kxg2 Nxe4 19. c3 e6 20. Nd4 Kf7 21. Re1 Bc5 22. f3 Rg8+ 23. Bg3 Nxg3 24. hxg3 Bxd4 25. cxd4 Rd8 26. Rh1 Kg6 27. Re1 Kf6 28. Rh1 Rxd4 29. Rxh7 Rd2+ 30. Kh3 Rxb2 31. g4 fxg4+ 32. fxg4 c5 33. Rc7 e5 34. Rxc5 Rxa2 35. Rb5 b6 36. Rd5 Re2 37. Kg3 Kg5 38. Kf3 Re1 39. Rd7 a5 40. Rb7 Rb1 41. Ke4 Kxg4 42. Rg7+ Kh5 43. Kxe5 a4 44. Kd4 b5 45. Kc3 a3 46. Ra7 b4+ 47. Kc2 Rb2+ 48. Kc1 Kg4 49. Rf7 b3 50. Ra7 Rc2+ 51. Kb1 a2+ 52. Ka1 Rc1+ 53. Kb2 Rb1+ 0-1


[Site "https://www.chess.com"]

[Event "Titled Tuesday Blitz July 6 2021"]
[White "Rostovtsev, Dmitry"]
[Black "Howell, David W L"]
[WhiteFideId "34278320"]
[BlackFideId "410608"]
[WhiteElo "2114"]
[BlackElo "2643"]
[Result "0-1"]
[Round "03"]
[TimeControl "180+1"]
[Date "2021.07.06"]
[WhiteClock "0:00:02"]
[BlackClock "0:00:20"]

1. e4 c5 2. Nf3 d6 3. d4 cxd4 4. Nxd4 Nf6 5. Nc3 g6 6. Be3 a6 7. Be2 Nbd7 8. O-O b5 9. a4 b4 10. Nd5 Bb7 11. Bf3 Bg7 12. Nxf6+ Nxf6 13. e5 Bxf3 14. Qxf3 dxe5 15. Nc6 Qd5 16. Nxe5 Qxf3 17. Nxf3 Rc8 18. Bd4 O-O 19. c3 bxc3 20. Bxc3 Nd5 21. Bxg7 Kxg7 22. Rfd1 e6 23. Nd4 Rc4 24. g3 Rfc8 25. Kg2 Kf6 26. h4 Rb4 27. Rd2 Rcc4 28. Rad1 Rc7 29. b3 h6 30. Kh2 g5 31. hxg5+ hxg5 32. Kg2 g4 33. Rd3 Kg6 34. R3d2 Rb8 35. Rd3 Rbc8 36. Ne2 Rc2 37. R1d2 Kg5 38. Nd4 Rxd2 39. Rxd2 Rc1 40. Ne2 Rb1 41. Rd3 Rb2 42. Nd4 Nb4 43. Rc3 Rd2 44. Rc4 Nd3 45. Kg1 Nxf2 46. Nc6 Nh3+ 47. Kf1 f6 48. Rc5+ e5 49. Nb4 Rf2+ 50. Ke1 Rf3 51. Nxa6 Rxb3 52. Nc7 Rxg3 53. a5 Ra3 54. a6 g3 55. Ne6+ Kf5 56. Ng7+ Kg6 57. Rc8 g2 0-1


[Site "https://www.chess.com"]

[Event "Titled Tuesday Blitz July 6 2021"]
[White "Salem, A.R. Saleh"]
[Black "Sekar, B"]
[WhiteFideId "9301348"]
[BlackFideId "5043743"]
[WhiteElo "2642"]
[BlackElo "2187"]
[Result "1-0"]
[Round "03"]
[TimeControl "180+1"]
[Date "2021.07.06"]
[WhiteClock "0:00:08"]
[BlackClock "0:00:01"]

1. d4 Nf6 2. c4 e6 3. Nc3 Bb4 4. e3 O-O 5. Bd3 d5 6. Nf3 c5 7. O-O dxc4 8. Bxc4 Nc6 9. Bd3 h6 10. Bb1 cxd4 11. exd4 Ba5 12. Qd3 Bb6 13. Rd1 Ne7 14. Bf4 Ng6 15. Bg3 Bc7 16. Bc2 Bxg3 17. hxg3 b6 18. Qe2 Ne7 19. Ne4 Ned5 20. Ne5 Bb7 21. Nd2 Nb4 22. Bb3 Qxd4 23. Ndf3 Qe4 24. Qb5 Nbd5 25. Rd4 Qf5 26. Bc4 a6 27. Qb3 Qh5 28. Rh4 Qf5 29. Bd3 1-0


[Site "https://www.chess.com"]

[Event "Titled Tuesday Blitz July 6 2021"]
[White "Sarana, Alexey"]
[Black "Nguyen, Quoc Hy"]
[WhiteFideId "24133795"]
[BlackFideId "12410853"]
[WhiteElo "2646"]
[BlackElo "1975"]
[Result "0-1"]
[Round "03"]
[TimeControl "180+1"]
[Date "2021.07.06"]
[WhiteClock "0:00:06"]
[BlackClock "0:00:06"]

1. e4 c5 2. Nf3 d6 3. d4 cxd4 4. Nxd4 Nf6 5. Nc3 a6 6. Be3 e6 7. g4 Be7 8. g5 Nfd7 9. h4 b5 10. a3 Bb7 11. f4 Nc6 12. f5 Nc5 13. fxe6 fxe6 14. Qg4 Ne5 15. Qh3 Qd7 16. O-O-O Rc8 17. Kb1 Nxe4 18. Nxe4 Bxe4 19. Bg2 Bxg2 20. Qxg2 Nc4 21. Bc1 e5 22. Ne2 O-O 23. h5 Qc6 24. Qg4 d5 25. g6 h6 26. Nc3 Nxa3+ 27. bxa3 Qxc3 28. Qe6+ Kh8 29. Qxe7 Qxc2+ 30. Ka1 Rf2 31. Bd2 Rxd2 32. Rxd2 Qxd2 33. Qxe5 d4 34. Rb1 Qc3+ 35. Ka2 Qc4+ 36. Rb3 d3 37. Qd6 a5 38. Qxd3 a4 39. Qxc4 bxc4 40. Rb4 c3 41. Kb1 Kg8 42. Kc2 Kf8 43. Rxa4 Rc5 44. Rh4 Ke7 45. a4 Kf6 46. Rh1 Kg5 47. Rh2 Rc4 48. Kb3 Rc5 49. Ra2 Kxh5 50. a5 c2 51. Rxc2 Rxa5 52. Rg2 Rg5 53. Rh2+ Kxg6 54. Kc2 Rd5 55. Rg2+ Kf6 56. Kc3 g5 57. Kc4 Rd8 58. Rf2+ Kg6 59. Rd2 0-1


[Site "https://www.chess.com"]

[Event "Titled Tuesday Blitz July 6 2021"]
[White "Sardana, Rishi"]
[Black "Ljukin, Sergei"]
[WhiteFideId "25004301"]
[BlackFideId "14102200"]
[WhiteElo "2340"]
[BlackElo "2309"]
[Result "0-1"]
[Round "03"]
[TimeControl "180+1"]
[Date "2021.07.06"]
[WhiteClock "0:00:04"]
[BlackClock "0:01:01"]

1. e4 e6 2. d4 d5 3. e5 c5 4. c3 Nc6 5. Nf3 Qb6 6. a3 f6 7. Bd3 c4 8. Bc2 fxe5 9. dxe5 g6 10. h4 Nh6 11. h5 Ng4 12. Qe2 Bc5 13. hxg6 Bxf2+ 14. Kf1 Bg3 15. Rxh7 Rg8 16. g7 Bd7 17. Bg6+ Kd8 18. Bf7 Kc7 19. Bxg8 Rxg8 20. Bg5 Be8 21. Rh8 Rxg7 22. Rxe8 Rxg5 23. Rxe6 Rf5 24. Qd2 Nh2+ 25. Ke2 Nxf3 26. gxf3 Qf2+ 27. Kd1 Qxf3+ 28. Qe2 Qh1+ 29. Kc2 Rf2 30. Qxf2 Bxf2 31. Rf6 Qe4+ 32. Kc1 Qe1+ 33. Kc2 Qe2+ 34. Nd2 d4 35. Rf1 d3+ 36. Kb1 Qxd2 37. Rf7+ Kb6 38. R7xf2 Qe3 39. e6 Qxe6 40. Rf6 Qe2 0-1


[Site "https://www.chess.com"]

[Event "Titled Tuesday Blitz July 6 2021"]
[White "Sawlin, Leonid"]
[Black "Kukhmazov, Arsen"]
[WhiteFideId "4689542"]
[BlackFideId "24108260"]
[WhiteElo "2528"]
[BlackElo "2807"]
[Result "0-1"]
[Round "03"]
[TimeControl "180+1"]
[Date "2021.07.06"]
[WhiteClock "0:00:17"]
[BlackClock "0:01:31"]

1. e4 c6 2. d4 d5 3. e5 Bf5 4. Nf3 e6 5. Be2 Nd7 6. O-O f6 7. exf6 Ngxf6 8. Re1 Bd6 9. Bd3 O-O 10. Bxf5 exf5 11. h3 Ne4 12. Nbd2 Qc7 13. Nf1 Rae8 14. a3 b5 15. N3d2 a5 16. f3 Nef6 17. c3 a4 18. Ne3 Bh2+ 19. Kh1 Bg3 20. Re2 f4 21. Nf5 Rxe2 22. Qxe2 Re8 23. Qd3 Re1+ 24. Nf1 Ne4 25. fxe4 dxe4 26. Bxf4 exd3 27. Nxg3 Rxa1 28. Bxc7 d2 0-1


[Site "https://www.chess.com"]

[Event "Titled Tuesday Blitz July 6 2021"]
[White "Seul, Georg"]
[Black "Assaubayeva, Bibisara"]
[WhiteFideId "4601653"]
[BlackFideId "13708694"]
[WhiteElo "2332"]
[BlackElo "2232"]
[Result "0-1"]
[Round "03"]
[TimeControl "180+1"]
[Date "2021.07.06"]
[WhiteClock "0:00:04"]
[BlackClock "0:00:26"]

1. e4 c5 2. Nf3 d6 3. Bc4 Nf6 4. d3 Nc6 5. O-O e6 6. Bb3 Be7 7. c3 O-O 8. Re1 b6 9. d4 cxd4 10. cxd4 d5 11. e5 Ne4 12. Nc3 Nxc3 13. bxc3 Ba6 14. Bc2 Rc8 15. h4 Na5 16. Re3 f5 17. exf6 Rxf6 18. Ng5 Rh6 19. Qg4 Qd6 20. Rg3 Bf6 21. Bf4 Qd7 22. Be5 Bxe5 23. dxe5 Nc4 24. Re1 Rf8 25. f4 Bc8 26. Rd1 Kh8 27. h5 Qe7 28. Nf3 Qf7 29. f5 Ne3 30. fxe6 Bxe6 31. Qe4 0-1


[Site "https://www.chess.com"]

[Event "Titled Tuesday Blitz July 6 2021"]
[White "Shahade, Gregory"]
[Black "Pereira, Juliano Resende M"]
[WhiteFideId "2009064"]
[BlackFideId "2109816"]
[WhiteElo "2736"]
[BlackElo "2429"]
[Result "1-0"]
[Round "03"]
[TimeControl "180+1"]
[Date "2021.07.06"]
[WhiteClock "0:00:04"]
[BlackClock "0:00:22"]

1. e4 c5 2. Nf3 d6 3. d4 cxd4 4. Nxd4 Nf6 5. Nc3 a6 6. Be3 Nbd7 7. f3 e6 8. Qd2 b5 9. g4 Ne5 10. g5 Nfd7 11. f4 Nc4 12. Bxc4 bxc4 13. O-O-O Qc7 14. f5 Ne5 15. fxe6 fxe6 16. Rhf1 Be7 17. Qg2 Rb8 18. Qh3 Qd7 19. Rd2 Qb7 20. b3 cxb3 21. axb3 Qc7 22. Nxe6 Bxe6 23. Qxe6 Qxc3 24. Bd4 Qc8 25. Qd5 Rb5 26. Bxe5 Rxd5 27. exd5 Bxg5 28. Bxd6 Bxd2+ 29. Kxd2 Qd7 30. Re1+ Kd8 31. Re6 Re8 32. Rxe8+ Kxe8 33. Bf4 Qxd5+ 34. Ke3 g6 35. c4 Qd1 36. Be5 Qxb3+ 37. Kd4 Qd1+ 38. Kc5 a5 39. Kb5 Qb1+ 40. Kxa5 Kd7 41. Bc3 Kc6 42. Ka4 Qb3+ 43. Kxb3 Kc5 44. Bd2 g5 45. Bxg5 Kd4 46. Bh6 1-0


[Site "https://www.chess.com"]

[Event "Titled Tuesday Blitz July 6 2021"]
[White "Shahinyan, David"]
[Black "Orozbaev, Eldiar"]
[WhiteFideId "13304380"]
[BlackFideId "13802240"]
[WhiteElo "2372"]
[BlackElo "1911"]
[Result "0-1"]
[Round "03"]
[TimeControl "180+1"]
[Date "2021.07.06"]
[WhiteClock "0:00:02"]
[BlackClock "0:00:02"]

1. e4 e6 2. d4 d5 3. Nc3 Nf6 4. Bg5 Be7 5. exd5 exd5 6. Bd3 O-O 7. h3 c6 8. Qf3 h6 9. Bh4 Ne4 10. Bxe7 Qxe7 11. Nge2 f5 12. O-O-O Qg5+ 13. Kb1 Be6 14. h4 Qf6 15. h5 Nd7 16. Nf4 Bf7 17. Nce2 Rfe8 18. g3 a5 19. Qg2 a4 20. f3 Nd6 21. a3 b5 22. c3 Nc4 23. Bxc4 bxc4 24. g4 Rab8 25. Rd2 fxg4 26. Qxg4 Be6 27. Nxe6 Qxe6 28. Qg3 Qf5+ 29. Ka2 Nf6 30. Nf4 Rb7 31. Rg2 Re3 32. Rhg1 Nxh5 33. Nxh5 Qxh5 34. Qd6 Rxf3 35. Qxc6 Re7 36. Qxa4 Qf5 37. Qa8+ Kh7 38. Qd8 Rf7 39. Qd6 Rf4 40. Rg6 Rf3 41. a4 Rf2 42. R6g2 Rxg2 43. Rxg2 h5 44. a5 h4 45. a6 h3 46. Rg1 Rf6 47. Qa3 Qc8 48. a7 Ra6 0-1


[Site "https://www.chess.com"]

[Event "Titled Tuesday Blitz July 6 2021"]
[White "Shtyka, Sergey"]
[Black "Korchmar, Vasiliy"]
[WhiteFideId "4138465"]
[BlackFideId "24131750"]
[WhiteElo "2064"]
[BlackElo "2370"]
[Result "0-1"]
[Round "03"]
[TimeControl "180+1"]
[Date "2021.07.06"]
[WhiteClock "0:00:03"]
[BlackClock "0:01:36"]

1. e4 c5 2. Nf3 d6 3. d4 cxd4 4. Nxd4 Nf6 5. Nc3 Nc6 6. Bc4 e5 7. Nde2 Be7 8. O-O O-O 9. Ng3 Be6 10. Bb3 Nd4 11. Bxe6 fxe6 12. Be3 Nc6 13. Nh5 Nxh5 14. Qxh5 d5 15. exd5 exd5 16. Rad1 d4 17. Ne4 Qd5 18. Ng5 Bxg5 19. Bxg5 Qxa2 20. Rb1 Qc4 21. Rfc1 Rf5 22. Qg4 Raf8 23. Bh4 Rf4 24. Qg3 e4 25. Qh3 Ne5 26. Bg3 R4f5 27. Bxe5 Rxe5 28. b3 Qe2 29. Qg3 Ref5 30. Rf1 Qxc2 31. Rbc1 Qe2 32. Rc7 R5f7 33. Rxf7 Rxf7 34. Qb8+ Rf8 35. Qxb7 d3 36. Qxa7 d2 37. Qa1 e3 38. f3 Rc8 39. b4 Qxf1+ 40. Qxf1 Rc1 41. b5 Rxf1+ 42. Kxf1 d1=Q# 0-1


[Site "https://www.chess.com"]

[Event "Titled Tuesday Blitz July 6 2021"]
[White "Siddharth, Jagadeesh"]
[Black "Sychev, Klementy"]
[WhiteFideId "5818320"]
[BlackFideId "4114060"]
[WhiteElo "2127"]
[BlackElo "2615"]
[Result "1/2-1/2"]
[Round "03"]
[TimeControl "180+1"]
[Date "2021.07.06"]
[WhiteClock "0:00:15"]
[BlackClock "0:00:04"]

1. d4 Nf6 2. c4 g6 3. Nc3 Bg7 4. e4 d6 5. Nf3 O-O 6. Be2 e5 7. O-O Nc6 8. d5 Ne7 9. b4 Nh5 10. c5 Nf4 11. a4 f5 12. Ba3 dxc5 13. bxc5 fxe4 14. Nxe4 Qxd5 15. Qxd5+ Nexd5 16. Bc4 c6 17. Rab1 Bf5 18. Nfd2 Rab8 19. Rb3 Rfd8 20. Nd6 Rd7 21. N2e4 b6 22. Rd1 Kh8 23. g3 Nh3+ 24. Kg2 Be6 25. Nc3 Nc7 26. Bxe6 Nf4+ 27. gxf4 Nxe6 28. fxe5 Bxe5 29. Nce4 Rf8 30. cxb6 axb6 31. Rxb6 Nf4+ 32. Kf1 Nh3 33. Bb2 Bxb2 34. Rxb2 Nf4 35. Rbd2 Nd5 36. Nc4 Re7 37. Ng3 Rf4 38. Rd4 Rf3 39. R1d3 Rf8 40. Re4 Rb7 41. Ne3 Nf4 42. Rd1 h5 43. Ne2 Nh3 44. Kg2 Nxf2 45. Rf1 Nxe4 46. Rxf8+ Kg7 47. Re8 Nc5 48. Nd4 Nxa4 49. Nxc6 Nc5 50. Re7+ Rxe7 51. Nxe7 Kf6 52. N7d5+ Kf7 53. Kf3 Ne6 54. Nf4 Nd4+ 55. Ke4 Nb5 56. h4 Nd6+ 57. Ke5 Nb5 58. Nh3 Na3 59. Ng5+ Kg7 60. Nd5 Nc4+ 61. Ke6 Nd2 62. Nf4 Nb1 63. Ke5 Nc3 64. Nge6+ Kf7 65. Nd8+ Kg7 66. Nfe6+ Kg8 67. Kf6 Ne4+ 68. Kxg6 Nd2 69. Kxh5 Nf3 70. Kg4 Nxh4 71. Kxh4 1/2-1/2


[Site "https://www.chess.com"]

[Event "Titled Tuesday Blitz July 6 2021"]
[White "Siva Mahadevan"]
[Black "Sydoryka, Vladyslav"]
[WhiteFideId "25043153"]
[BlackFideId "14145928"]
[WhiteElo "2203"]
[BlackElo "2200"]
[Result "1-0"]
[Round "03"]
[TimeControl "180+1"]
[Date "2021.07.06"]
[WhiteClock "0:01:36"]
[BlackClock "0:00:18"]

1. e4 c6 2. d4 d5 3. e5 Bf5 4. c4 e6 5. Nc3 Ne7 6. Nge2 dxc4 7. Ng3 Bg6 8. Bxc4 Nd5 9. O-O Nd7 10. Nce4 N7b6 11. Bb3 Be7 12. h4 h5 13. Bg5 f6 14. exf6 gxf6 15. Bd2 Qd7 16. Nc5 Bxc5 17. dxc5 Nc8 18. Qf3 Nce7 19. Ba5 b6 20. cxb6 axb6 21. Bc3 e5 22. Rfd1 Qg4 23. Be1 Rd8 24. Bxd5 Nxd5 25. Rxd5 Rxd5 26. Qxf6 Rf8 27. Qxc6+ Qd7 28. Qxg6+ Ke7 29. Bb4+ 1-0


[Site "https://www.chess.com"]

[Event "Titled Tuesday Blitz July 6 2021"]
[White "Sokolin, Leonid"]
[Black "Mons, Leon"]
[WhiteFideId "2009161"]
[BlackFideId "4614950"]
[WhiteElo "2394"]
[BlackElo "2492"]
[Result "0-1"]
[Round "03"]
[TimeControl "180+1"]
[Date "2021.07.06"]
[WhiteClock "0:00:03"]
[BlackClock "0:00:55"]

1. e4 e5 2. Nf3 Nc6 3. Bb5 a6 4. Ba4 Nf6 5. O-O Be7 6. Bxc6 dxc6 7. d3 Bd6 8. Bg5 h6 9. Bh4 Qe7 10. Nbd2 Bg4 11. h3 Bh5 12. g4 g5 13. Bg3 Nxg4 14. hxg4 Bxg4 15. Kg2 O-O-O 16. Rh1 Rdf8 17. Qe1 h5 18. Nh2 Be6 19. f3 Qd7 20. Qe3 Rfg8 21. Qa7 Kd8 22. Kf1 g4 23. Bh4+ Be7 24. Qb8+ Qc8 25. Bxe7+ Kxe7 26. Qxc8 Bxc8 27. Ke2 g3 28. Ndf1 h4 29. Rg1 Bh3 30. Ke3 gxh2 31. Nxh2 Rg3 0-1


[Site "https://www.chess.com"]

[Event "Titled Tuesday Blitz July 6 2021"]
[White "Solon, Nathan"]
[Black "Obolentseva, Alexandra"]
[WhiteFideId "2017229"]
[BlackFideId "24153648"]
[WhiteElo "2631"]
[BlackElo "2113"]
[Result "0-1"]
[Round "03"]
[TimeControl "180+1"]
[Date "2021.07.06"]
[WhiteClock "0:00:07"]
[BlackClock "0:00:29"]

1. d4 Nf6 2. c4 g6 3. g3 Bg7 4. Bg2 O-O 5. Nc3 c5 6. d5 d6 7. Nf3 e6 8. O-O exd5 9. cxd5 Re8 10. Bf4 Ne4 11. Nxe4 Rxe4 12. Nd2 Rxf4 13. gxf4 Bxb2 14. Rb1 Bg7 15. Nc4 b6 16. Qb3 Bh6 17. e3 Bf5 18. Rbd1 Bg4 19. Rde1 Na6 20. h3 Bf5 21. e4 Bd7 22. e5 Bxf4 23. Nxd6 Qg5 24. Nxf7 Kxf7 25. e6+ Kg7 26. exd7 Rd8 27. Qa4 Nb4 28. Re8 Bc7 29. Rxd8 Bxd8 30. a3 Nd3 31. Qg4 Qxg4 32. hxg4 Ne5 33. Re1 Nxd7 34. Re8 Bh4 35. Ra8 Ne5 36. Rxa7+ Kf6 37. f4 Nxg4 38. d6 Ke6 39. Bh3 h5 40. Bxg4+ hxg4 41. d7 Ke7 42. Rb7 Bg3 43. Rxb6 Kxd7 44. Rxg6 Bxf4 45. Rxg4 Be3+ 46. Kf1 Bd4 47. Ke2 Kc6 48. Kd3 Kb5 49. Rg3 Bf6 50. Rg4 Bd4 51. Rg8 Be5 52. Ra8 c4+ 53. Ke4 Bg7 54. Kd5 c3 55. Rb8+ Ka4 56. Ra8+ Kb3 57. a4 c2 58. Rc8 Bc3 59. Rb8+ Kxa4 60. Rc8 c1=Q 0-1


[Site "https://www.chess.com"]

[Event "Titled Tuesday Blitz July 6 2021"]
[White "Sonis, Francesco"]
[Black "Shevtchenko, Olesya"]
[WhiteFideId "895733"]
[BlackFideId "24131890"]
[WhiteElo "2373"]
[BlackElo "2003"]
[Result "1/2-1/2"]
[Round "03"]
[TimeControl "180+1"]
[Date "2021.07.06"]
[WhiteClock "0:00:33"]
[BlackClock "0:00:06"]

1. d4 Nf6 2. c3 c5 3. Nf3 d5 4. Bf4 Nc6 5. e3 e6 6. Nbd2 Bd6 7. Bg3 Bxg3 8. hxg3 O-O 9. Bd3 h6 10. Qe2 c4 11. Bc2 Re8 12. Ne5 Nxe5 13. dxe5 Nd7 14. f4 Qb6 15. Nf3 Kf8 16. Rb1 Nc5 17. Nd4 Bd7 18. g4 Ke7 19. b4 cxb3 20. axb3 Rac8 21. O-O Qa6 22. c4 dxc4 23. bxc4 Na4 24. Bxa4 Bxa4 25. Rb4 Bc6 26. Rfb1 Qa5 27. Qb2 Rc7 28. Ra1 Qc5 29. Qa3 Ra8 30. Nxc6+ bxc6 31. Qa5 Qxe3+ 32. Kh1 Rd7 33. Rbb1 Rad8 34. Rf1 h5 35. Ra3 Qe2 36. Qc5+ Ke8 37. Raa1 hxg4 38. f5 g3 39. Kg1 Qh5 40. Rfc1 Qh2+ 41. Kf1 Qh1+ 42. Qg1 Qxg1+ 43. Kxg1 exf5 44. Kf1 Ke7 45. Ra3 Ke6 46. Rxg3 g6 47. Ra3 Rd1+ 48. Rxd1 Rxd1+ 49. Ke2 Rd7 50. Ra5 f4 51. Kf3 Kf5 52. e6+ Kxe6 53. Kxf4 Rd4+ 54. Kg5 Rxc4 55. Rxa7 Rc5+ 56. Kf4 Kf6 57. Rc7 Rc4+ 58. Kf3 Kg5 59. Rxf7 Rc3+ 60. Kf2 c5 61. Rc7 Rc2+ 62. Kf3 Rc3+ 63. Kf2 Kg4 64. Rd7 g5 65. Rd5 Rc2+ 66. Kg1 Kf4 67. Kh2 g4 68. Rh5 c4 69. Rh8 c3 70. Rc8 Rc1 71. Rc4+ Kf5 72. Kg3 c2 73. Rc5+ Ke4 74. Kxg4 Kd3 75. Kg5 Rg1 76. Rxc2 Kxc2 77. g4 Kd3 78. Kf5 Kd4 79. g5 Kd5 80. Kf6 Rf1+ 81. Ke7 Rg1 82. Kf6 Kd6 83. g6 Rf1+ 84. Kg7 Ke7 85. Kh7 Rg1 86. Kg7 Ke6 87. Kh8 Kf6 88. g7 Rxg7 1/2-1/2


[Site "https://www.chess.com"]

[Event "Titled Tuesday Blitz July 6 2021"]
[White "Stojanovski, Sandi"]
[Black "Jarovinsky, Alexey"]
[WhiteFideId "1403249"]
[BlackFideId "14115131"]
[WhiteElo "2337"]
[BlackElo "2446"]
[Result "0-1"]
[Round "03"]
[TimeControl "180+1"]
[Date "2021.07.06"]
[WhiteClock "0:00:15"]
[BlackClock "0:01:09"]

1. c4 Nc6 2. Nf3 e5 3. d3 Bb4+ 4. Bd2 Bxd2+ 5. Qxd2 Nge7 6. e3 O-O 7. Be2 b6 8. O-O Bb7 9. Nc3 d5 10. cxd5 Nxd5 11. Rac1 Re8 12. Rfd1 Qd7 13. a3 Rad8 14. b4 a6 15. h3 h6 16. Qc2 Re7 17. Nxd5 Qxd5 18. Bf1 Red7 19. d4 exd4 20. Nxd4 Ne5 21. Rd2 c5 22. Nb3 Nf3+ 23. gxf3 Qxf3 0-1


[Site "https://www.chess.com"]

[Event "Titled Tuesday Blitz July 6 2021"]
[White "Svane, Frederik"]
[Black "Malka, Samuel"]
[WhiteFideId "12923044"]
[BlackFideId "20643675"]
[WhiteElo "2459"]
[BlackElo "2456"]
[Result "1-0"]
[Round "03"]
[TimeControl "180+1"]
[Date "2021.07.06"]
[WhiteClock "0:00:44"]
[BlackClock "0:00:09"]

1. e4 c5 2. Nc3 e6 3. Nf3 Nc6 4. d4 cxd4 5. Nxd4 Nf6 6. a3 Be7 7. Be3 d6 8. Be2 O-O 9. O-O Bd7 10. Qd2 a6 11. f4 Rc8 12. Kh1 Nxd4 13. Bxd4 Bc6 14. Bf3 d5 15. e5 Nd7 16. Qf2 Bb5 17. Nxb5 axb5 18. b4 f6 19. exf6 Bxf6 20. Rae1 Bxd4 21. Qxd4 Rc4 22. Qe3 Rcxf4 23. Qxe6+ Kh8 24. Qxd5 Qc7 25. Qxb5 Nb6 26. Be4 Qe5 27. Rxf4 Rxf4 28. Qxb6 Qxe4 29. Qd8+ 1-0


[Site "https://www.chess.com"]

[Event "Titled Tuesday Blitz July 6 2021"]
[White "Svidler, Peter"]
[Black "Odegov, Artem"]
[WhiteFideId "4102142"]
[BlackFideId "34183644"]
[WhiteElo "2743"]
[BlackElo "2288"]
[Result "1-0"]
[Round "03"]
[TimeControl "180+1"]
[Date "2021.07.06"]
[WhiteClock "0:00:18"]
[BlackClock "0:00:01"]

1. e4 e6 2. d4 d5 3. Nc3 Bb4 4. e5 c5 5. a3 Bxc3+ 6. bxc3 Ne7 7. Qg4 cxd4 8. Qxg7 Rg8 9. Qxh7 Qc7 10. Ne2 Nbc6 11. f4 Bd7 12. Qd3 dxc3 13. Rg1 a6 14. g4 O-O-O 15. Rg3 d4 16. Rb1 Be8 17. Bg2 Nd5 18. h4 f5 19. exf6 Nxf6 20. f5 Ne5 21. Qd1 Bc6 22. Bf4 Bxg2 23. Rxg2 Nfxg4 24. fxe6 Ne3 25. Rxg8 Nxd1 26. Rxd8+ Kxd8 27. Rxd1 Ke7 28. Rxd4 Qa5 29. Re4 Nf3+ 30. Kf2 Nd2 31. Re3 Nc4 32. Bg5+ Ke8 33. Rd3 Qf5+ 34. Nf4 1-0


[Site "https://www.chess.com"]

[Event "Titled Tuesday Blitz July 6 2021"]
[White "Sztokbant, Bernardo Vainzoff"]
[Black "Bilych, Olexiy"]
[WhiteFideId "2115956"]
[BlackFideId "14156504"]
[WhiteElo "2264"]
[BlackElo "2246"]
[Result "0-1"]
[Round "03"]
[TimeControl "180+1"]
[Date "2021.07.06"]
[WhiteClock "0:00:03"]
[BlackClock "0:00:17"]

1. e4 Nf6 2. Nc3 e5 3. Nf3 Nc6 4. Bc4 Bc5 5. O-O d6 6. h3 h6 7. d3 a6 8. a3 Ba7 9. Re1 g5 10. Be3 Bxe3 11. Rxe3 g4 12. Nh4 gxh3 13. gxh3 Nd4 14. Ne2 Ng4 15. hxg4 Qxh4 16. Nxd4 exd4 17. Rg3 Be6 18. Qf3 O-O-O 19. Kg2 Rdg8 20. Rh1 Qg5 21. Rh5 Bxg4 22. Qxf7 Qd8 23. Be6+ Bxe6 24. Qxe6+ Kb8 25. Rxh6 Rxg3+ 26. fxg3 Rf8 27. Rh5 Rg8 28. Rh7 Qg5 29. g4 Rf8 30. Rf7 Qd2+ 31. Kg3 Rh8 32. Qf6 Qh2+ 33. Kf3 Rh3# 0-1


[Site "https://www.chess.com"]

[Event "Titled Tuesday Blitz July 6 2021"]
[White "Terry, Renato"]
[Black "Kobo, Ori"]
[WhiteFideId "3803457"]
[BlackFideId "2812320"]
[WhiteElo "2581"]
[BlackElo "2431"]
[Result "1-0"]
[Round "03"]
[TimeControl "180+1"]
[Date "2021.07.06"]
[WhiteClock "0:00:12"]
[BlackClock "0:00:03"]

1. d4 Nf6 2. Bg5 d5 3. Bxf6 gxf6 4. e3 c5 5. c3 Nc6 6. Nf3 e5 7. Be2 Be6 8. Nbd2 Qc7 9. Qa4 O-O-O 10. Bb5 e4 11. Nh4 Kb8 12. dxc5 Bxc5 13. Nb3 Be7 14. g3 Ne5 15. Be2 Bd7 16. Qa5 b6 17. Qa6 Bc8 18. Qa4 Bd7 19. Qa6 Bc8 20. Qa4 Bd7 21. Qd4 Bh3 22. Rg1 f5 23. Ng2 Bg4 24. Qa4 Bxe2 25. Kxe2 Nd3 26. Rab1 Bf6 27. Rgd1 h5 28. Nf4 Nxf4+ 29. gxf4 h4 30. Nd4 Bxd4 31. Rxd4 Rhg8 32. Rbd1 Qc5 33. Qb3 Rg2 34. Rxd5 Rxd5 35. Rxd5 Qc7 36. Rxf5 Qd7 37. Qd5 Qxd5 38. Rxd5 Rxh2 39. Rf5 h3 40. Rxf7 Rg2 41. Rh7 h2 42. f5 Kc8 43. f6 Kd8 44. Rh8+ Kd7 45. f7 h1=Q 46. Rxh1 Ke7 47. Rh8 Kxf7 48. Rh7+ Ke6 49. Rxa7 Rg1 50. Ra6 1-0


[Site "https://www.chess.com"]

[Event "Titled Tuesday Blitz July 6 2021"]
[White "Tomiello, Lucas Costamilan"]
[Black "Weetik, Vjacheslav"]
[WhiteFideId "22701940"]
[BlackFideId "4153472"]
[WhiteElo "1945"]
[BlackElo "2469"]
[Result "1-0"]
[Round "03"]
[TimeControl "180+1"]
[Date "2021.07.06"]
[WhiteClock "0:00:24"]
[BlackClock "0:00:02"]

1. e4 c6 2. d4 d5 3. Nd2 dxe4 4. Nxe4 Nf6 5. Nxf6+ exf6 6. c3 Bd6 7. Bd3 O-O 8. Ne2 Re8 9. Qc2 h5 10. Be3 Nd7 11. O-O-O Nf8 12. c4 Be6 13. Kb1 b5 14. d5 cxd5 15. c5 Be5 16. Nd4 a6 17. h3 h4 18. f4 Bxd4 19. Bxd4 Qc7 20. Qf2 f5 21. g4 hxg3 22. Qxg3 Ng6 23. Rdf1 Bd7 24. h4 Re4 25. Bxe4 fxe4 26. h5 Bf5 27. hxg6 fxg6 28. Qh4 Kf7 29. Qh7 Rg8 30. Ka1 Qa5 31. Rh5 Qd2 32. Rxf5+ gxf5 33. Qxf5+ Ke7 34. Qe5+ Kf8 35. c6 Qc2 36. Qd6+ Kf7 37. Qd7+ Kg6 38. Rg1+ Kh7 39. Qh3# 1-0


[Site "https://www.chess.com"]